 Dungeon Crawl Stone Soup version 0.19-a0-1002-g674d22e (webtiles) character file.

117 mistymad the Skirmisher (level 5, -6/43 HPs)
             Began as a Formicid Abyssal Knight on July 18, 2016.
             Was a Believer of Lugonu.
             Mangled by a mummy (15 damage)
             ... in an ossuary.
             The game lasted 00:05:45 (3541 turns).

mistymad the Skirmisher (Formicid Abyssal Knight)   Turns: 3541, Time: 00:05:46

Health: -6/43      AC:  6    Str: 17    XL:     5   Next: 22%
Magic:  6/6        EV: 11    Int: 12    God:    Lugonu [**....]
Gold:   134        SH:  0    Dex: 10    Spells: 0 memorised, 4 levels left

rFire  . . .     SeeInvis +     a - +2 hand axe
rCold  . . .     Gourm    .     d - +0 ring mail
rNeg   . . .     Faith    .     (no shield)
rPois  .         Spirit   .     (helmet unavailable)
rElec  .         Dismiss  .     o - +0 cloak
rCorr  .         Reflect  .     (no gloves)
SustAt .         Harm     .     (no boots)
MR     .....                    (no amulet)
Stlth  ..........               (no ring)
                                b - ring of flight

@: flying, not resistant to hostile enchantments, extremely unstealthy
A: permanent stasis, dig shafts and tunnels, four strong arms, antennae 3
a: Dig, Shaft Self, Depart the Abyss, Bend Space, Renounce Religion


You were in an ossuary.
You worshipped Lugonu.
Lugonu was pleased with you.
You were hungry.

You visited 1 branch of the dungeon, and saw 4 of its levels.
You visited the Abyss 1 time.
You also visited: Ossuary.

You collected 134 gold pieces.

Inventory:

Hand Weapons
 a - a +2 hand axe (weapon)
Armour
 d - a +0 ring mail (worn)
 o - a +0 cloak (worn)
Jewellery
 b - a ring of flight (left hand)
Wands
 m - a wand of lightning (8/15)
 p - a wand of paralysis (10/24)
Scrolls
 h - 2 scrolls of enchant weapon
 j - 2 scrolls of identify
 q - a scroll of immolation
Potions
 e - a potion of resistance
 i - a potion of heal wounds
Comestibles
 c - 3 bread rations
 g - 6 fruits
 k - 3 chunks of flesh


   Skills:
 + Level 4.3 Fighting
 + Level 2.8 Axes
 + Level 3.5 Armour
 - Level 1.5 Dodging
 - Level 2.4 Invocations


You had 4 spell levels left.
You didn't know any spells.

Dungeon Overview and Level Annotations

Branches:
Dungeon (4/15)
 Temple: D:4-7

Altars:
Trog

Annotations:
Ossuary matakusis's ghost, amateur DsGl


Innate Abilities, Weirdness & Mutations

You are under a permanent stasis effect.
You can dig through walls and to a lower floor.
Your four strong arms can wield two-handed weapons with a shield.
You have a pair of large antennae on your head. (SInv)


Message History

You take 12 damage, and have 31/43 hp.
MASSIVE DAMAGE!!
You hit matakusis's ghost.
Matakusis's ghost is lightly damaged.
You hit the orc skeleton.
You destroy the orc skeleton!
Lugonu accepts your kill.
You barely miss the mummy. The mummy hits you but does no damage.
Matakusis's ghost closely misses you.
You barely miss matakusis's ghost.
Matakusis's ghost is lightly damaged.
You hit the gnoll skeleton. You hit the mummy.
Matakusis's ghost barely misses you. The mummy hits you!
You take 15 damage, and have 16/43 hp.
MASSIVE DAMAGE!!
You hit matakusis's ghost.
Matakusis's ghost is moderately damaged.
You hit the mummy. You hit the gnoll skeleton. Matakusis's ghost hits you!
* * * LOW HITPOINT WARNING * * *
The gnoll skeleton hits you but does no damage.
The mummy hits you!
You die...

#ZZ.# #{{.#
#...# #...#
#...# ##'''##
##.....##
####WZ.....####
#W▓@MZ∩.∩...▓W#
####Z......###
##.....##
##...## ##▓##
#W# ###


You could see 2 wraiths, a mummy, matakusis's ghost, a gnoll skeleton and 2 orc
skeletons.

Vanquished Creatures
  4 adders
  An ooze (D:1)
  2 worms (D:2)
  A dart slug (D:2)
  A giant gecko (D:1)
  5 orcs (D:3)
  A giant cockroach (D:3)
  12 goblins
  5 hobgoblins
  2 jackals (D:1)
  A ball python (D:4)
  6 bats
  4 giant newts
  3 gnoll skeletons (Ossuary)
  8 kobolds
  3 orc skeletons (Ossuary)
  8 rats
67 creatures vanquished.

Notes
Turn   | Place    | Note
-------+----------+-------------------------------------------
     0 | Abyss:1  | mistymad the Formicid Abyssal Knight began the quest for the Orb.
     0 | Abyss:1  | Reached XP level 1. HP: 18/18 MP: 2/2
   126 | Abyss:1  | Noticed a quasit
   158 | Abyss:1  | Noticed a small abomination
   159 | D:1      | Escaped the Abyss
   169 | D:1      | Reached skill level 1 in Dodging
   186 | D:1      | Reached XP level 2. HP: 4/24 MP: 3/3
   511 | D:1      | Reached * piety under Lugonu
   581 | D:1      | Reached XP level 3. HP: 23/29 MP: 4/4
  1235 | D:2      | Found a bloodstained altar of Trog.
  1683 | D:2      | Reached skill level 4 in Fighting
  1683 | D:2      | Reached XP level 4. HP: 20/37 MP: 5/5
  2334 | D:3      | Reached ** piety under Lugonu
  2335 | D:3      | Found a bloodstained altar of Trog.
  2750 | D:3      | Reached XP level 5. HP: 38/42 MP: 6/6
  3497 | D:4      | Found a sand-covered staircase.
  3506 | Ossuary  | Entered an ossuary
  3506 | Ossuary  | Noticed a wraith
  3506 | Ossuary  | Noticed a wraith
  3506 | Ossuary  | Noticed a wraith
  3515 | Ossuary  | Noticed matakusis's ghost (amateur DsGl)
  3541 | Ossuary  | Mangled by a mummy

Vault maps used:
D:1:      scummos_arrival_simple_fountains
D:2:      trog_three_pillars_becter
D:3:      lemuel_round_altar
D:4:      kennysheep_little_box, lightli_ossuary_entry_decrepit_ruins,
          first_bread, grunt_pakellas_sulfur, uniq_grinder, uniq_robin
Ossuary:  ossuary_due_mausoleum

Skill      XL: |  1  2  3  4 |
---------------+-------------+-----
Dodging        | 1 |  1.5
Fighting       | 4 |  4.3
Armour         | 3 |  3.5
Axes           | |  2.8
Invocations    | |  2.4

Action                   |  1- 3 |  4- 6 || total
-------------------------+-------+-------++-------
Melee: Hand axe          |   123 |   107 ||   230
Invok: Depart the Abyss  |     1 |       ||     1
  Use: Scroll            |       |     8 ||     8
       Potion            |       |     3 ||     3
  Eat: Chunk             |     2 |     6 ||     8
Armor: Ring mail         |    60 |    41 ||   101
Dodge: Dodged            |   104 |    70 ||   174
